 Dungeon Crawl Stone Soup version 0.20.1-1-g8b1a95d (webtiles) character file.

21490 Mamutox the Severer (level 12, 0/108 HPs)
             Began as a Minotaur Fighter on Oct 26, 2017.
             Was an Elder of the Shining One.
             Slain by a tarantella (10 damage)
             ... on level 1 of the Spider Nest on Oct 27, 2017.
             The game lasted 01:46:59 (14042 turns).

Mamutox the Severer (Minotaur Fighter)             Turns: 14042, Time: 01:46:59

Health: 0/108      AC: 18    Str: 25    XL:     12   Next: 54%
Magic:  11/11      EV:  9    Int:  5    God:    the Shining One [****..]
Gold:   271        SH:  0    Dex: 11    Spells: 11/11 levels left

rFire    . . .     SeeInvis .   S - +4 war axe (venom)
rCold    . . .     Gourm    .   c - +0 shield
rNeg     + + +     Faith    .   G - +2 chain mail {MR+}
rPois    .         Spirit   .   (helmet restricted)
rElec    .         Reflect  +   H - +1 cloak
rCorr    .         Harm     .   q - +0 pair of gloves
MR       +....                  (no boots)
Stlth    ..........             y - +3 amulet of reflection
Regen    0.3/turn               j - ring of stealth
MPRegen  0.2/turn               M - ring of positive energy

@: confused, glowing
A: retaliatory headbutt, fangs 1, horns 2
a: Divine Shield, Cleansing Flame, Renounce Religion


You were on level 1 of the Spider Nest.
You worshipped the Shining One.
The Shining One was greatly pleased with you.
You were hungry.

You visited 4 branches of the dungeon, and saw 13 of its levels.
You also visited: Ice Cave.

You collected 585 gold pieces.
You spent 314 gold pieces at shops.

Inventory:

Hand Weapons
 b - a +4 hand axe
 S - a +4 war axe of venom (weapon)
 Z - a +2 scimitar of flaming
Missiles
 e - 4 javelins (quivered)
 n - 3 tomahawks
Armour
 c - a +0 shield (worn)
 q - a +0 pair of gloves (worn)
 u - a +0 plate armour
 B - a +0 cloak
 F - a +0 leather armour of positive energy
 G - a +2 chain mail of magic resistance (worn)
 H - a +1 cloak (worn)
Jewellery
 h - an uncursed amulet of the gourmand
 j - a ring of stealth (left hand)
 l - an uncursed ring of flight
 w - an uncursed amulet of faith {unknown}
 y - a +3 amulet of reflection (around neck)
 M - a ring of positive energy (right hand)
 P - a cursed ring of teleportation {unknown}
 R - an uncursed ring of ice {unknown}
 W - a cursed amulet of inaccuracy
Wands
 I - a wand of lightning (6/15)
 T - a wand of disintegration (12/24)
Scrolls
 g - 2 scrolls of recharging
 o - 2 scrolls of immolation
 p - 2 scrolls of fear
 r - 3 scrolls of fog {unknown}
 s - 4 scrolls of identify
 v - 2 scrolls of amnesia {unknown}
 z - 3 scrolls of remove curse
 J - 3 scrolls of teleportation
 K - a scroll of random uselessness
 Q - a scroll of enchant armour {unknown}
 V - a scroll of brand weapon {unknown}
 X - a scroll of blinking {unknown}
Potions
 d - a potion of might
 i - 5 potions of brilliance
 k - 5 potions of degeneration
 m - a potion of mutation {unknown}
 t - 2 potions of cancellation {unknown}
 x - 2 potions of agility {unknown}
 D - a potion of resistance
 U - 2 potions of lignification {unknown}
Books
 a - a book of Beasts

   Spells                             Type                      Level
   a - Summon Butterflies             Summoning                    1
   b - Call Canine Familiar           Summoning                    3
   c - Summon Ice Beast               Ice/Summoning                4
   d - Summon Mana Viper              Hexes/Summoning              5
   e - Summon Hydra                   Summoning                    7
 L - a book of Maledictions

   Spells                             Type                      Level
   a - Corona                         Hexes                        1
   b - Ensorcelled Hibernation        Hexes/Ice                    2
   c - Confuse                        Hexes                        3
   d - Tukima's Dance                 Hexes                        3
   e - Dazzling Spray                 Conjuration/Hexes            3
 N - a book of Flames

   Spells                             Type                      Level
   a - Flame Tongue                   Conjuration/Fire             1
   b - Throw Flame                    Conjuration/Fire             2
   c - Conjure Flame                  Conjuration/Fire             3
   d - Inner Flame                    Hexes/Fire                   3
   e - Sticky Flame                   Conjuration/Fire             4
   f - Fireball                       Conjuration/Fire             5
Comestibles
 f - 2 bread rations
 A - 2 meat rations
 C - 4 fruits
 E - 5 royal jellies
 Y - 3 chunks of flesh


   Skills:
 + Level 10.6 Fighting
 + Level 15.7 Axes
 + Level 2.0 Throwing
 + Level 11.3 Armour
 + Level 4.0 Dodging
 + Level 1.5 Stealth
 + Level 11.2 Shields
 + Level 0.2 Invocations
 + Level 0.3 Evocations


You had 11 spell levels left.
You didn't know any spells.

Dungeon Overview and Level Annotations

Branches:
Dungeon (8/15)             Temple (1/1) D:7            Lair (2/6) D:8
 Spider (2/4) Lair:2
  Swamp: Lair:2-4    Shoals: Lair:2-4

Altars:
Ashenzari
Cheibriados
Dithmenos
Elyvilon
Fedhas
Gozag
Hepliaklqana
Kikubaaqudgha
Makhleb
Nemelex Xobeh
Okawaru
Qazlal
Ru
Sif Muna
Trog
Uskayaw
Vehumet
Xom
Yredelemnul
Zin
The Shining One

Shops:
D:5 *   D:8 (

Annotations:
D:3 Sigmund


Innate Abilities, Weirdness & Mutations

You reflexively headbutt those who attack you in melee.
You have a pair of horns on your head.
You have very sharp teeth.


Message History

The tarantella bites you but does no damage.
The tarantella bites you.
You see here a tarantella corpse.
You see here a redback corpse.
You see here a tarantella corpse.
The tarantella bites you but does no damage.
The tarantella bites you. x2
* * * LOW HITPOINT WARNING * * *
You are more confused.
You completely miss the tarantella. You headbutt the tarantella.
You bite the tarantella.
The tarantella is moderately wounded.
You closely miss the tarantella. The tarantella bites you!
* * * LOW HITPOINT WARNING * * *
The tarantella bites you!
* * * LOW HITPOINT WARNING * * *
Unknown command.
You're too confused!
The tarantella completely misses you. The tarantella bites you!
You die...

##...#..........(.≈.
#....#......#...^... #...#.
#..........###(..<. #.....
##..^.......#...... #.....
#####.......####......
#....##...#.....^...##..#..#
#...........>.......##.#####
.##........†...........###
§..........†s@........^#
.§..........s.#...##..^#
..§.......##..#....#..##
...≈≈......#.##....####
.#≈≈≈#..#..#####..##
#...##.##.≈# #..# #.. ###
### #### #. #.


You could see 2 tarantellas.

Vanquished Creatures
  Azrael (Spider:1)
  A two-headed ogre (D:8)
  3 orb spiders (Spider:1)
  3 wolf spiders (Spider:1)
  An ugly thing (IceCv)
  The ghost of Frank the Skirmisher, a novice OpFi (D:5)
  A black mamba (Lair:1)
  Joseph (Lair:1)
  4 spiny frogs (Lair:1)
  2 demonic crawlers
  A rime drake (Lair:1)
  2 ice devils (Lair:2)
  7 jumping spiders
  Grinder (D:4)
  7 blink frogs
  A hornet (Lair:2)
  A hippogriff (Lair:1)
  20 redbacks
  A fire elemental (Spider:2)
  11 tarantellas
  A wyvern (Lair:2)
  A hungry ghost (D:7)
  3 wargs (D:8)
  5 water moccasins
  4 hell hounds
  3 porcupines
  2 sky beasts (D:7)
  7 ice beasts
  2 necrophages
  5 wolves (Lair:1)
  A centaur (D:5)
  3 crocodiles
  A big kobold (D:7)
  7 bullfrogs
  A scorpion (D:6)
  4 killer bees (D:8)
  3 wights (D:7)
  2 howler monkeys
  A quasit (D:7)
  3 crimson imps
  3 hounds
  7 orc priests
  4 orc wizards
  2 iguanas
  5 worker ants
  A hound zombie (D:6)
  A hound skeleton (D:4)
  A howler monkey zombie (D:7)
  Robin (D:3)
  6 adders
  3 oozes
  4 adder skeletons
  An adder zombie (D:5)
  2 worms
  A dart slug (D:5)
  4 leopard geckos
  28 orcs
  A ball python (D:5)
  9 bats
  2 bat zombies (D:1)
  3 giant cockroaches
  3 hobgoblins
  8 jackals
  2 quokkas
  8 frilled lizards
  13 goblins
  A jackal skeleton (D:4)
  7 kobolds
  4 rats
  4 fungi
  A plant (Lair:1)
269 creatures vanquished.

Vanquished Creatures (others)
  A jumping spider (Spider:1)
  2 goblins (D:3)
  2 fungi (Lair:1)
  A plant (Lair:1)
6 creatures vanquished.

Grand Total: 275 creatures vanquished

Notes
Turn   | Place    | Note
-------+----------+-------------------------------------------
     0 | D:1      | Mamutox the Minotaur Fighter began the quest for the Orb.
     0 | D:1      | Reached XP level 1. HP: 19/19 MP: 0/0
   554 | D:1      | Reached XP level 2. HP: 27/27 MP: 1/1
  1250 | D:2      | Found a radiant altar of Vehumet.
  1266 | D:2      | Reached XP level 3. HP: 29/33 MP: 2/2
  1328 | D:2      | Found a bloodstained altar of Trog.
  1497 | D:2      | Found a glowing golden altar of the Shining One.
  1500 | D:2      | Became a worshipper of the Shining One
  1557 | D:2      | Found a shimmering altar of Xom.
  1559 | D:2      | Found a glowing silver altar of Zin.
  1675 | D:2      | Found an iron altar of Okawaru.
  1746 | D:2      | Found a deep blue altar of Sif Muna.
  2130 | D:3      | Noticed Sigmund
  2466 | D:3      | Reached skill level 3 in Axes
  2650 | D:3      | Reached XP level 4. HP: 37/40 MP: 3/3
  2700 | D:3      | Noticed Robin
  2706 | D:3      | Killed Robin
  2943 | D:4      | Reached skill level 4 in Axes
  2944 | D:4      | Reached XP level 5. HP: 29/46 MP: 4/4
  3104 | D:4      | Reached * piety under the Shining One
  3336 | D:4      | Reached skill level 5 in Axes
  3411 | D:4      | Noticed Grinder
  3421 | D:4      | Paralysed by Grinder for 2 turns
  3426 | D:4      | Paralysed by Grinder for 4 turns
  3437 | D:4      | Paralysed by Grinder for 3 turns
  3442 | D:4      | Paralysed by Grinder for 3 turns
  3445 | D:4      | Killed Grinder
  3445 | D:4      | Reached skill level 6 in Axes
  3445 | D:4      | Reached skill level 5 in Armour
  3445 | D:4      | Reached XP level 6. HP: 28/53 MP: 5/5
  4065 | D:5      | Entered Level 5 of the Dungeon
  4172 | D:5      | Reached skill level 5 in Fighting
  4172 | D:5      | Reached XP level 7. HP: 55/61 MP: 6/6
  4557 | D:5      | Noticed Frank's ghost (novice OpFi)
  4579 | D:5      | Reached ** piety under the Shining One
  4584 | D:5      | Reached skill level 7 in Axes
  4584 | D:5      | Reached skill level 5 in Shields
  4908 | D:5      | Killed Frank's ghost
  4908 | D:5      | Reached skill level 8 in Axes
  4908 | D:5      | Reached XP level 8. HP: 66/70 MP: 7/7
  4926 | D:5      | Found Kunuar's Assorted Antiques.
  5478 | D:6      | Found a snail-covered altar of Cheibriados.
  5621 | D:6      | Found a sparkling altar of Nemelex Xobeh.
  5678 | D:6      | Reached skill level 9 in Axes
  6425 | D:7      | Reached skill level 1 in Dodging
  6591 | D:7      | Found a staircase to the Ecumenical Temple.
  6600 | Temple   | Entered the Ecumenical Temple
  7227 | D:7      | Reached XP level 9. HP: 78/78 MP: 8/8
  7295 | D:7      | Reached skill level 10 in Axes
  7661 | D:7      | Gained mutation: You have very sharp teeth. [mutagenic meat]
  7819 | D:7      | Reached skill level 1 in Stealth
  8298 | D:8      | Found Lougror's Weapon Shoppe.
  8303 | D:8      | Bought a +4 war axe of venom for 314 gold pieces
  8528 | D:8      | Reached *** piety under the Shining One
  8587 | D:8      | Noticed a two-headed ogre
  8592 | D:8      | Killed a two-headed ogre
  8592 | D:8      | Reached skill level 11 in Axes
  8648 | D:8      | Found a staircase to the Lair.
  8651 | D:8      | Noticed a two-headed ogre
  8667 | D:8      | Reached skill level 1 in Throwing
  8667 | D:8      | Reached XP level 10. HP: 63/88 MP: 9/9
  8829 | Lair:1   | Entered Level 1 of the Lair of Beasts
  8829 | Lair:1   | Noticed a spiny frog
  8834 | Lair:1   | Noticed a spiny frog
  8834 | Lair:1   | Killed a spiny frog
  8835 | Lair:1   | Reached skill level 12 in Axes
  8836 | Lair:1   | Noticed a black mamba
  8844 | Lair:1   | Killed a spiny frog
  8844 | Lair:1   | HP: 4/88 [black mamba (12)]
  8849 | Lair:1   | Killed a black mamba
  9231 | Lair:1   | Noticed a spiny frog
  9251 | Lair:1   | Killed a spiny frog
  9844 | Lair:1   | Noticed Joseph
  9850 | Lair:1   | Killed Joseph
  9929 | Lair:1   | Reached skill level 13 in Axes
 10035 | Lair:1   | Noticed a spiny frog
 10042 | Lair:1   | Killed a spiny frog
 10042 | Lair:1   | Reached XP level 11. HP: 97/97 MP: 10/10
 10826 | Lair:2   | Found a frozen archway.
 11174 | Lair:2   | Reached skill level 14 in Axes
 11194 | IceCv    | Entered an ice cave
 11227 | IceCv    | Noticed a white ugly thing
 11239 | IceCv    | Killed a white ugly thing
 12087 | Lair:2   | Found a hole to the Spider Nest.
 12180 | Spider:1 | Entered Level 1 of the Spider Nest
 12184 | Spider:1 | Noticed an orb spider
 12185 | Spider:1 | Noticed a wolf spider
 12196 | Spider:1 | Killed a wolf spider
 12837 | Spider:1 | Noticed a wolf spider
 12839 | Spider:1 | Killed an orb spider
 12844 | Spider:1 | Reached skill level 10 in Armour
 12846 | Spider:1 | Killed a wolf spider
 12846 | Spider:1 | Reached skill level 10 in Fighting
 12910 | Spider:1 | Reached **** piety under the Shining One
 12912 | Spider:1 | Noticed a wolf spider
 12915 | Spider:1 | Reached skill level 10 in Shields
 12919 | Spider:1 | Killed a wolf spider
 12919 | Spider:1 | Reached skill level 15 in Axes
 13301 | Spider:1 | Noticed an orb spider
 13301 | Spider:1 | Noticed an orb spider
 13317 | Spider:1 | Reached XP level 12. HP: 96/106 MP: 11/11
 13478 | Spider:1 | Noticed Azrael
 13973 | Spider:1 | Killed Azrael
 14042 | Spider:1 | Slain by a tarantella

Skill      XL: |  1  2  3  4  5  6  7  8  9 10 11 12 |
---------------+-------------------------------------+-----
Fighting       | 4 5 6 7 9 10 | 10.6
Shields        | 4 5 6 7 8 10 11 | 11.2
Armour         | 4 5 6 7 8 9 10 11 | 11.3
Axes           | 3 4 6 8 9 11 13 15 | 15.7
Dodging        | 1 2 3 4 |  4.0
Stealth        | 1 |  1.5
Throwing       | 1 2 |  2.0
Invocations    | |  0.2
Evocations     | |  0.3

Action                   |  1- 3 |  4- 6 |  7- 9 | 10-12 || total
-------------------------+-------+-------+-------+-------++-------
Melee: War axe           |   114 |    92 |   139 |   329 ||   674
       Headbutt          |    17 |    11 |    36 |    68 ||   132
       Hand axe          |       |       |    56 |       ||    56
       Bite              |       |       |     3 |    43 ||    46
Throw: Javelin           |       |     3 |     4 |     5 ||    12
       Throwing net      |       |       |       |     2 ||     2
Invok: Divine Shield     |       |       |       |     1 ||     1
 Abil: Evoke Flight      |     1 |       |       |       ||     1
Evoke: Wand              |     1 |       |       |       ||     1
  Use: Scroll            |     7 |       |     6 |     5 ||    18
       Potion            |     1 |       |       |     8 ||     9
  Eat: Chunk             |     4 |       |    27 |     4 ||    35
       Royal jelly       |     1 |       |       |       ||     1
       Bread ration      |       |     1 |     1 |     1 ||     3
       Meat ration       |       |       |     1 |       ||     1
Armor: Scale mail        |    67 |    12 |       |       ||    79
       Plate armour      |       |    14 |    35 |       ||    49
       Chain mail        |       |       |    52 |   169 ||   221
Dodge: Dodged            |    42 |    21 |    40 |    85 ||   188
Block: Shield            |    70 |    75 |    93 |   233 ||   471
       Reflection        |     2 |     4 |     1 |       ||     7
